 Dungeon Crawl Stone Soup version 0.27-a0-91-g4f573a835d (webtiles) character file.

Game seed: 16389016761954331848

4761 Pixllover the Fighter (level 10, -6/93 HPs)
             Began as a Minotaur Berserker on Jan 15, 2021.
             Was a High Priest of Trog.
             Mangled by a troll (11 damage)
             ... on level 8 of the Dungeon.
             The game lasted 00:26:40 (7860 turns).

Pixllover the Fighter (Minotaur Berserker)          Turns: 7860, Time: 00:26:41

Health: -6/93      AC:  9    Str: 30    XL:     10   Next: 23%
Magic:  3/3        EV: 14    Int:  4    God:    Trog [*****.]
Gold:   430        SH:  0    Dex: 12    Spells: 9/9 levels left

rFire    . . .     SeeInvis +   D - +1 broad axe (antimagic)
rCold    . . .     Faith    .   (no shield)
rNeg     . . .     Spirit   .   k - +1 ring mail of Watchfulness {Str+5} (curse)
rPois    .         Reflect  .   (helmet restricted)
rElec    .         Harm     .   t - +0 cloak
rCorr    +         Rampage  .   (no gloves)
Will     .....                  (no boots)
Stlth    +.........             h - amulet of regeneration
HPRegen  0.65/turn              x - ring of resist corrosion
MPRegen  0.08/turn              w - ring of Xom's Whimsicality {+Fly Dex+2 SInv}

@: no status effects
A: retaliatory headbutt, horns 2
a: Renounce Religion, Evoke Flight, Berserk, Trog's Hand, Brothers in Arms


You were on level 8 of the Dungeon.
You worshipped Trog.
Trog was extremely pleased with you.
You visited 1 branch of the dungeon, and saw 8 of its levels.
You also visited: Ossuary.

You collected 430 gold pieces.

Inventory:

Hand Weapons
 c - a +3 dagger
 D - a +1 antimagic broad axe (weapon)
Missiles
 f - 56 poisoned darts
Armour
 k - the cursed +1 ring mail of Watchfulness (worn) {Str+5}
   (You found it on level 5 of the Dungeon)

   It affects your strength (+5).
   It has a curse placed upon it.
 t - a +0 cloak (worn)
Jewellery
 h - an amulet of regeneration (around neck)
 w - the ring of Xom's Whimsicality (right hand) {+Fly Dex+2 SInv}
   (You found it on level 6 of the Dungeon)

   [ring of flight]

   It affects your dexterity (+2).
   It lets you see invisible.
   It lets you fly.
 x - a ring of resist corrosion (left hand)
Wands
 j - a wand of random effects (27)
 o - a wand of iceblast (8)
 u - a wand of paralysis (11)
Scrolls
 a - 7 scrolls of remove curse
 d - 5 scrolls of immolation
 e - 5 scrolls of teleportation
 g - 2 scrolls of fog
 m - a scroll of enchant armour
 n - 2 scrolls of noise {unknown}
 p - 2 scrolls of fear
 r - 3 scrolls of enchant weapon
 s - 2 scrolls of magic mapping {unknown}
 v - a scroll of blinking {unknown}
 y - 2 scrolls of random uselessness {unknown}
Potions
 b - 3 potions of lignification
 i - 4 potions of haste
 l - 3 potions of berserk rage
 q - 3 potions of curing
 z - 3 potions of attraction
 B - a potion of mutation {unknown}
 C - a potion of resistance {unknown}


   Skills:
 + Level 9.9 Fighting
 + Level 9.8 Short Blades
 + Level 6.3 Axes
 + Level 7.8 Armour
 + Level 5.6 Dodging
 + Level 1.9 Stealth


You had 9 spell levels left.
You didn't know any spells.
Your spell library was empty.

Dungeon Overview and Level Annotations

Branches:
Dungeon (8/15)             Temple (0/1) D:4         Ossuary (visited)
   Lair: D:8-11

Altars:
Cheibriados
Gozag
Kikubaaqudgha
Qazlal
Sif Muna
Yredelemnul


Innate Abilities, Weirdness & Mutations

You reflexively headbutt those who attack you in melee.
You have a pair of horns on your head.


Message History

The troll misses you. The troll closely misses you.
The troll claws you but does no damage.
You barely miss the troll. You headbutt the troll!
The troll is almost dead.
The troll bites you. The troll claws you.
* * * LOW HITPOINT WARNING * * *
The troll claws you.
* * * LOW HITPOINT WARNING * * *
You completely miss the troll. Your headbutt misses the troll.
The troll is almost dead.
The troll bites you!
* * * LOW HITPOINT WARNING * * *
The troll barely misses you. The troll completely misses you.
The troll barely misses you. x2; The troll completely misses you.
You closely miss the troll.
The troll is severely wounded.
The troll bites you.
* * * LOW HITPOINT WARNING * * *
The troll claws you but does no damage. The troll claws you!
You die...

...........## ##.........)...#..
............# ##............#..
......###...## #............#..
#.....# ##.<.## #............#..
#.....# ##...#####...........#..
#.....## ##....###..........##..
.......## ##................#...
........## ##..............##...
..###....## #..@................
.## ##....## #..T................
## ##....###................... #
##..........####.####...... ##
##.........##.....##...... .#
#.........#.......#......
############.(....#.......#......
.#.#.#.#.##8.......).._..........
'#'#'#'#'###......#.......#...###


You could see a troll.

Vanquished Creatures
  Pikel (D:5)
  Maggie (D:8)
  Grinder (D:3)
  Eustachio (D:6)
  A wraith (D:8)
  Menkaure (D:6)
  Edmund (D:6)
  A water moccasin (D:6)
  An orc warrior (D:7)
  A sky beast (D:8)
  2 phantoms
  A black bear (D:7)
  An ice beast (D:8)
  2 ogres
  A centaur (D:7)
  A lemure (D:5)
  2 elf zombies
  4 bullfrogs
  2 scorpions
  A troll zombie (D:8)
  A wight (D:8)
  4 howler monkeys
  2 centaur zombies
  2 bullfrog zombies (D:6)
  5 human zombies
  A jelly (D:5)
  8 orc priests
  4 hounds
  5 orc wizards
  2 centaur skeletons
  2 human skeletons (D:8)
  Terence (D:3)
  4 worker ants
  An ogre zombie (D:8)
  5 big kobold zombies (Ossuary)
  4 mummies
  2 worker ant zombies
  A howler monkey zombie (D:5)
  13 gnolls
  14 adders
  2 white imps
  2 ufetubi
  6 worms
  An adder skeleton (D:4)
  7 adder zombies
  3 dart slugs
  A leopard gecko (D:3)
  18 orcs
  6 bats
  5 giant cockroaches
  A gnoll zombie (Ossuary)
  8 hobgoblins
  5 jackals
  3 quokkas
  A ball python (D:1)
  5 frilled lizards
  A giant cockroach zombie (D:5)
  11 goblins
  4 goblin zombies (Ossuary)
  5 hobgoblin zombies (Ossuary)
  2 jackal zombies (Ossuary)
  5 kobolds
  3 kobold zombies (Ossuary)
  A leopard gecko skeleton (D:7)
  3 orc zombies (Ossuary)
  2 quokka skeletons
  4 quokka zombies (Ossuary)
  7 rats
  A rat zombie (Ossuary)
231 creatures vanquished.

Vanquished Creatures (collateral kills)
  A jelly (D:8)
  An orc wizard (D:8)
  An orc (D:8)
3 creatures vanquished.

Vanquished Creatures (others)
  A rat (D:3)
  2 plants (D:6)
3 creatures vanquished.

Grand Total: 237 creatures vanquished

Notes
Turn   | Place    | Note
-------+----------+-------------------------------------------
     0 | D:1      | Pixllover the Minotaur Berserker began the quest for the
                  | Orb.
     0 | D:1      | Reached XP level 1. HP: 19/19 MP: 0/0
   162 | D:1      | Reached XP level 2. HP: 26/27 MP: 1/1
   666 | D:1      | Reached XP level 3. HP: 33/33 MP: 2/2
   829 | D:2      | Reached ** piety under Trog
  1634 | D:2      | Reached XP level 4. HP: 36/41 MP: 3/3
  1752 | D:3      | Reached skill level 5 in Axes
  1807 | D:3      | Reached skill level 1 in Short Blades
  1837 | D:3      | Reached XP level 5. HP: 28/47 MP: 4/4
  1851 | D:3      | Noticed Grinder
  1869 | D:3      | Paralysed by Grinder for 6 turns
  1883 | D:3      | Killed Grinder
  1884 | D:3      | Reached skill level 5 in Fighting
  1884 | D:3      | Reached XP level 6. HP: 24/56 MP: 5/5
  2125 | D:3      | Noticed Terence
  2140 | D:3      | Killed Terence
  2245 | D:3      | Reached *** piety under Trog
  2373 | D:3      | Found a stormy altar of Qazlal.
  2562 | D:4      | Found a staircase to the Ecumenical Temple.
  2830 | D:4      | Reached XP level 7. HP: 59/62 MP: 6/6
  3189 | D:5      | Entered Level 5 of the Dungeon
  3265 | D:5      | Reached skill level 5 in Armour
  3269 | D:5      | Found a basalt altar of Yredelemnul.
  3278 | D:5      | Found a snail-covered altar of Cheibriados.
  3284 | D:5      | Found an ancient bone altar of Kikubaaqudgha.
  3495 | D:5      | Found a sand-covered staircase.
  3512 | Ossuary  | Entered an ossuary
  3540 | Ossuary  | Reached **** piety under Trog
  3705 | Ossuary  | Reached skill level 5 in Short Blades
  3705 | Ossuary  | Reached XP level 8. HP: 40/71 MP: 7/7
  3969 | D:5      | Got a polished ring mail
  3980 | D:5      | Identified the cursed +1 ring mail of Watchfulness {Str+5}
                  | (You found it on level 5 of the Dungeon)
  4123 | D:5      | Noticed Pikel
  4155 | D:5      | Killed Pikel
  4504 | D:5      | Reached ***** piety under Trog
  4906 | D:6      | Reached XP level 9. HP: 45/81 MP: 8/8
  5070 | D:6      | Noticed Edmund
  5112 | D:6      | Killed Edmund
  5113 | D:6      | Reached skill level 1 in Stealth
  5121 | D:6      | Noticed Menkaure
  5128 | D:6      | Killed Menkaure
  5201 | D:6      | Found an opulent altar of Gozag.
  5247 | D:6      | Got a vibrating silver ring
  5254 | D:6      | Identified the ring of Xom's Whimsicality {+Fly Dex+2 SInv}
                  | (You found it on level 6 of the Dungeon)
  5532 | D:6      | Noticed Eustachio
  5553 | D:6      | Killed Eustachio
  6318 | D:7      | Received a gift from Trog
  6434 | D:7      | Reached skill level 5 in Dodging
  6722 | D:8      | Noticed Maggie
  6729 | D:8      | HP: 3/83 [Maggie/+0 scimitar (13)]
  6736 | D:8      | Killed Maggie
  6737 | D:8      | Reached XP level 10. HP: 12/91 MP: 3/9
  6917 | D:8      | Found a shimmering blue altar of Sif Muna.
  6984 | D:8      | Found a basalt altar of Yredelemnul.
  7860 | D:8      | Mangled by a troll

Illustrated notes

Levels and vault maps discovered:
D:1:      amcnicky_arrival_blooded_trapdoor, layout_loops_ring,
          kennysheep_nondescript
D:2:      layout_rooms
D:3:      minmay_chambers_of_threes, layout_basic, grunt_qazlal_clouds,
          uniq_grinder, uniq_terence
D:4:      layout_cave_pools, minmay_temple_entry_glass
D:5:      layout_basic, minmay_overflow_temple_star_quad,
          nicolae_ossuary_entry_ruins, kennysheep_nub, uniq_pikel
D:6:      layout_loops_ring, nicolae_gozag_cash_rules_everything_around_me,
          kennysheep_flooded_box, nicolae_zen_rock_garden,
          kennysheep_generic_room_13, uniq_eustachio, uniq_menkaure, uniq_edmund
D:7:      layout_loops_cross
D:8:      layout_layer_cave, old_standard_altar,
          lemuel_mausoleum_altar_yredelemnul, uniq_maggie

Skill      XL: |  1  2  3  4  5  6  7  8  9 10 |
---------------+-------------------------------+-----
Fighting       | 4 5 6 7 9 |  9.9
Axes           | 4 5 6 |  6.3
Armour         | 3 4 5 6 7 |  7.8
Short Blades   | 1 2 3 5 7 9 |  9.8
Dodging        | 3 4 5 |  5.6
Stealth        | 1 |  1.9

Action                   |  1- 3 |  4- 6 |  7- 9 | 10-12 || total
-------------------------+-------+-------+-------+-------++-------
Melee: Hand axe          |    56 |       |       |       ||    56
       Headbutt          |     7 |    34 |   144 |    29 ||   214
       Dagger            |    15 |   141 |   519 |       ||   675
       Broad axe         |       |       |    32 |    85 ||   117
Invok: Berserk           |       |     1 |     1 |       ||     2
       Brothers in Arms  |       |       |     1 |       ||     1
  Use: Scroll            |     7 |     1 |     9 |       ||    17
       Potion            |       |       |     1 |       ||     1
Armor: Animal skin       |     7 |       |       |       ||     7
       Ring mail         |    15 |    19 |    66 |    22 ||   122
       Chain mail        |       |    30 |   108 |       ||   138
Dodge: Dodged            |    53 |    79 |   225 |    75 ||   432

Table legend: (Time is in decaauts)
 A = Elapsed time spent in this place.
 B = Non-inter-level travel time spent in this place.
 C = Inter-level travel time spent in this place.
 D = Time resting spent in this place.
 E = Time spent auto-exploring this place.
 F = Levels seen in this place.
 G = Mean time per level.
                   A        B        C        D        E       F      G
               +--------+--------+--------+--------+--------+-----+--------+
         Total |   7765 |   7604 |    161 |    498 |   2717 |   9 |  862.8 |
       Dungeon |   7409 |   7248 |    161 |    498 |   2717 |   8 |  926.1 |
       Ossuary |    356 |    356 |      0 |      0 |      0 |   1 |  356.0 |
               +--------+--------+--------+--------+--------+-----+--------+

Top non-repeatable levels by time:
     D:5: 1226 daAuts
     D:8: 1211 daAuts
     D:6: 1013 daAuts
     D:2: 908 daAuts
     D:3: 825 daAuts
     D:1: 825 daAuts
     D:7: 770 daAuts
     D:4: 626 daAuts
 Ossuary: 356 daAuts
